 Dungeon Crawl Stone Soup version 0.22.0 (webtiles) character file.

305086 poirepourri the Bludgeoner (level 21, -21/142 HPs)
             Began as a Gargoyle Fighter on Aug 11, 2018.
             Was a High Priest of Cheibriados.
             Killed from afar by a deep elf annihilator (53 damage)
             ... with an iron shot
             ... on level 3 of the Elven Halls.
             The game lasted 01:16:53 (42971 turns).

poirepourri the Bludgeoner (Gargoyle Fighter)      Turns: 42971, Time: 01:16:53

Health: -21/142    AC: 38    Str: 37    XL:     21   Next: 13%
Magic:  0/30       EV: 19    Int: 27    God:    Cheibriados [*****.]
Gold:   2093       SH: 22    Dex: 30    Spells: 13/20 levels left

rFire    + . .     SeeInvis .   J - +10 morningstar "Guchafop" {drain, *Slow rElec Int+3}
rCold    . . .     Gourm    .   c - +5 shield
rNeg     + . .     Faith    .   R - +6 scale mail "Hunnie Hiol" {rF+ rCorr Slay+2}
rPois    ∞         Spirit   +   r - +2 hat
rElec    +         Reflect  .   o - +2 cloak
rCorr    +         Harm     .   (no gloves)
MR       ++...                  e - +2 pair of boots
Stlth    ..........             q - amulet of guardian spirit
HPRegen  0.33/turn              O - ring of resist corrosion
MPRegen  0.22/turn              C - ring of Lucidity {MR+ Str+3 Slay+3 Stlth-}

@: very slightly contaminated, studying Staves, drained, very slow
A: big wings, dopey 1, negative energy resistance 1, electricity resistance,
unbreathing, petrification resistance, rot immunity, AC +16
}: 2/15 runes: barnacled, gossamer
a: Fly, Bend Time, Temporal Distortion, Slouch, Step From Time, Renounce
Religion


You were on level 3 of the Elven Halls.
You worshipped Cheibriados.
Cheibriados was extremely pleased with you.
You were not hungry.

You visited 7 branches of the dungeon, and saw 35 of its levels.
You visited the Abyss 2 times.
You also visited: Ice Cave and Volcano.

You collected 3439 gold pieces.
You spent 1346 gold pieces at shops.

Inventory:

Hand Weapons
 a - the +3 flail of Demand {protect, rPois rF+}
   (You bought it in a shop on level 13 of the Dungeon)

   It protects the one who uses it against injury (+AC on strike).
   It protects you from fire.
   It protects you from poison.
 b - a +4 hand crossbow
 J - the +10 morningstar "Guchafop" (weapon) {drain, *Slow rElec Int+3}
   (You took it off a deep elf demonologist on level 3 of the Elven Halls)

   A truly terrible weapon, it drains the life of those it strikes.
   It affects your intelligence (+3).
   It insulates you from electricity.
   It may slow you when you take damage.
Missiles
 d - 208 bolts
 m - 36 javelins
 s - 13 javelins of returning
 w - 108 tomahawks
 S - 4 throwing nets
 U - 26 poisoned javelins (quivered)
Armour
 c - a +5 shield (worn)
 e - a +2 pair of boots (worn)
 o - a +2 cloak (worn)
 r - a +2 hat (worn)
 z - +1 fire dragon scales
 P - a +2 chain mail of fire resistance
 R - the +6 scale mail "Hunnie Hiol" (worn) {rF+ rCorr Slay+2}
   (You found it on level 3 of the Abyss)

   It affects your accuracy and damage with ranged weapons and melee attacks
   (+2).
   It protects you from fire.
   It provides partial protection from all sources of acid and corrosion.
Jewellery
 i - an uncursed ring of protection from magic
 q - an amulet of guardian spirit (around neck)
 t - a +3 ring of protection
 C - the ring of Lucidity (right hand) {MR+ Str+3 Slay+3 Stlth-}
   (You bought it in a shop on level 2 of the Orcish Mines)

   [ring of protection from magic]

   It affects your strength (+3).
   It affects your accuracy and damage with ranged weapons and melee attacks
   (+3).
   It affects your resistance to hostile enchantments.
   It makes you less stealthy.
 N - an uncursed amulet of the acrobat
 O - a ring of resist corrosion (left hand)
Wands
 g - a wand of digging (49)
 j - a wand of paralysis (10)
 k - a wand of enslavement (27)
 l - a wand of flame (136)
 B - a wand of disintegration (28)
 M - a wand of polymorph (22)
Scrolls
 h - 2 scrolls of teleportation
 n - 2 scrolls of amnesia
 p - 3 scrolls of fog
 x - 2 scrolls of holy word
 A - 5 scrolls of identify
 D - a scroll of blinking
 F - a scroll of magic mapping
 G - 3 scrolls of silence
 L - 11 scrolls of remove curse
Potions
 u - 2 potions of resistance
 v - 4 potions of ambrosia
 E - 5 potions of curing
 H - a potion of magic
 I - a potion of heal wounds
 K - a potion of cancellation
Books
 y - a manual of Staves
Comestibles
 f - 21 rations


   Skills:
 + Level 18.4(18.3) Fighting
 - Level 19.4(19.3) Maces & Flails
 - Level 10.4(10.3) Crossbows
 - Level 7.0(6.9) Armour
 - Level 8.4 Dodging
 - Level 15.4 Shields
 - Level 12.1 Invocations
 - Level 12.1(12.0) Evocations


You had 13 spell levels left.
You knew the following spells:

 Your Spells              Type           Power        Failure   Level  Hunger
a - Passwall              Tmut/Erth      #.......     30%         2    ###....
b - Confuse               Hex            #.......     52%         3    ####...
c - Song of Slaying       Chrm           #.......     30%         2    ###....

Your spell library contained the following spells:

 Spells                   Type           Power        Failure   Level  Hunger
 Conjure Flame            Conj/Fire      #.......     52%         3    ####...
 Lightning Bolt           Conj/Air       #.........   99%         5    ######.
 Throw Frost              Conj/Ice       #.....       30%         2    ###....
 Freeze                   Ice            #...         21%         1    ##.....
 Summon Ice Beast         Ice/Summ       #.......     89%         4    #####..
 Ozocubu's Armour         Chrm/Ice       #.......     52%         3    ####...
 Stone Arrow              Conj/Erth      #.....       52%         3    ####...
 Shock                    Conj/Air       #...         21%         1    ##.....
 Swiftness                Chrm/Air       #.......     30%         2    ###....
 Statue Form              Tmut/Erth      #........    100%        6    #######
 Dragon Form              Tmut           #.........   100%        7    #######
 Throw Icicle             Conj/Ice       #.......     89%         4    #####..
 Airstrike                Air            #.........   89%         4    #####..
 Confusing Touch          Hex            #.....       21%         1    ##.....
 Metabolic Englaciation   Hex/Ice        #.........   99%         5    ######.
 Static Discharge         Conj/Air       #.......     52%         3    ####...
 Lee's Rapid Deconstruct  Erth           #.........   99%         5    ######.
 Sandblast                Erth           #.....       21%         1    ##.....
 Excruciating Wounds      Chrm/Necr      #.........   99%         5    ######.
 Petrify                  Tmut/Erth      #.......     89%         4    #####..
 Shroud of Golubria       Chrm/Tloc      #.........   30%         2    ###....
 Spectral Weapon          Hex/Chrm       #.......     52%         3    ####...
 Hydra Form               Tmut           #.........   100%        6    #######
 Irradiate                Conj/Tmut      #.........   99%         5    ######.
 Gell's Gravitas          Tloc           #.........   52%         3    ####...
 Yara's Violent Unravell  Hex/Tmut       #.........   99%         5    ######.


Dungeon Overview and Level Annotations

Branches:
Dungeon (15/15)            Temple (1/1) D:7            Lair (6/6) D:11
 Shoals (4/4) Lair:2       Spider (4/4) Lair:2        Slime (0/5) Lair:5
    Orc (2/2) D:10            Elf (3/3) Orc:2        Vaults (0/5) D:13
 Depths (0/5) D:15

Altars:
Ashenzari
Cheibriados
Dithmenos
Elyvilon
Fedhas
Gozag
Hepliaklqana
Kikubaaqudgha
Makhleb
Nemelex Xobeh
Okawaru
Qazlal
Ru
Sif Muna
Trog
Uskayaw
Vehumet
Wu Jian
Xom
Yredelemnul
Zin
The Shining One
Beogh

Shops:
D:6 }   D:13 (   Orc:2 ([=*

Annotations:
D:10 3 runed doors, Fingolfin's ghost, journeyman TrFi


Innate Abilities, Weirdness & Mutations

You are resistant to torment.
Your stone body is resilient. (AC +16)
You are immune to poison.
Your large and strong wings let you fly indefinitely.
You resist negative energy. (rN+)
You are resistant to electric shocks. (rElec)
You can survive without breathing.
You are immune to petrification.
You are immune to rotting.
You are dopey. (Int -2)


Message History

The deep elf annihilator blinks!
Evoke which item? (* to show all) (? for menu, Esc to quit)
Aiming: Paralyse
Press: ? - help, Shift-Dir - straight line, f - deep elf annihilator
Aim: a deep elf annihilator, wielding a long sword, wearing a leather armour and wearing a clouded amber ring (chance to defeat MR: 4%)
The deep elf annihilator resists with almost no effort.
The deep elf annihilator gestures at you while chanting.
The poison arrow hits you!
Okay, then.
Evoke which item? (* to show all) (? for menu, Esc to quit)
Aiming: Throw Flame
Press: ? - help, Shift-Dir - straight line, f/p - deep elf annihilator
Aim: a deep elf annihilator, wielding a long sword, wearing a leather armour and wearing a clouded amber ring The puff of flame hits the deep elf annihilator.
The deep elf annihilator is lightly wounded.
The deep elf annihilator gestures at you while chanting.
You block the poison arrow.
The deep elf annihilator casts a spell at you.
The iron shot hits you!
You die...

#.....## #.
....##......
#.
....#......#
##
...........# #
............#
#
.............#
#§
......e....#
##
...........# #
#...@..#
##....## #
##.....# .##
#####.# ... .#
... # # ...


You could see a deep elf annihilator.

Vanquished Creatures
  Saint Roka (Orc:2)
  Nikola (Spider:1)
  A profane servitor (Abyss:3)
  Arachne (Spider:2)
  2 liches (Abyss:3)
  2 deep elf blademasters (Elf:3)
  A deep elf master archer (Elf:3)
  3 krakens (Shoals:4)
  Polyphemus (Shoals:3)
  Frances (D:13)
  3 tentacled starspawn (Abyss:3)
  Kirke (Spider:3)
  Roxanne (Spider:2)
  6 ghost moths
  4 deep elf sorcerers
  2 emperor scorpions
  6 deep elf elementalists (Elf:3)
  An angel (D:14)
  Louise (D:14)
  3 entropy weavers
  3 deep elf annihilators (Elf:3)
  7 deep elf demonologists
  A dire elephant (Shoals:1)
  4 spark wasps
  6 merfolk javelineers
  6 deep elf death magi (Elf:3)
  10 merfolk impalers
  A yaktaur captain (D:15)
  A deep elf high priest (Elf:3)
  Erolcha (Orc:2)
  A fire dragon (Volcano)
  7 hydras
  A catoblepas (Shoals:3)
  5 centaur warriors
  2 merfolk avatars
  10 two-headed ogres
  30 dancing weapons
  2 death knights
  4 merfolk aquamancers
  2 satyrs
  A tengu warrior (D:13)
  3 orc high priests (Orc:2)
  3 death yaks
  12 deep elf knights
  Sonja (D:11)
  A sun demon (Abyss:3)
  3 wretched stars (Abyss:3)
  2 spatial maelstroms (Abyss:3)
  A sixfirhy (Abyss:3)
  5 unseen horrors
  2 skeletal warriors (D:14)
  A glowing orange brain (Abyss:3)
  A wizard (D:14)
  9 sea snakes
  6 deep elf archers
  An obsidian statue (Shoals:3)
  A death drake (Shoals:4)
  2 lindwurms (D:15)
  18 orb spiders
  A wolf spider zombie (D:14)
  An oklob plant (Lair:6)
  14 ugly things
  13 harpies
  A necromancer (D:13)
  5 orc sorcerers
  52 deep elf magi
  3 cyclopes
  4 orc knights (Orc:2)
  40 wolf spiders
  3 salamanders (Volcano)
  10 manticores
  21 fauns
  4 moths of wrath
  10 merfolk sirens
  A worldbinder (Abyss:3)
  3 black mambas
  Maurice (D:11)
  4 smoke demons (Abyss:3)
  An eye of devastation (Abyss:3)
  2 orange demons (Abyss:3)
  3 torpor snails
  2 gargoyles
  4 water nymphs
  19 spiny frogs
  6 centaur skeletons
  15 demonic crawlers
  2 rime drakes
  4 komodo dragons
  The ghost of adept the Chopper, a novice GrFi of Okawaru (D:6)
  7 yaktaurs
  3 freezing wraiths
  An ancient zyme (Abyss:3)
  43 jumping spiders
  3 meliai (Spider:4)
  6 trolls
  31 merfolk
  6 hornets
  3 wind drakes
  26 blink frogs
  9 polar bears
  11 raiju (Abyss:3)
  6 tyrant leeches
  6 slime creatures
  9 hippogriffs
  7 snapping turtles
  A dream sheep (shapeshifter) (Elf:3)
  2 vampires
  15 water elementals
  Sigmund (D:4)
  A centaur simulacrum (D:15)
  3 wraiths (D:11)
  6 wyverns
  85 redbacks
  An air elemental (Elf:3)
  38 tarantellas
  2 large abominations
  2 shadows
  3 ynoxinuls (Abyss:3)
  7 fire bats
  Eustachio (D:4)
  54 yaks
  3 basilisks
  4 fire elementals
  2 steam dragons (Volcano)
  A human (D:2)
  8 vampire mosquitoes
  3 wargs (Orc:2)
  Edmund (D:5)
  2 acid dragons
  A spatial vortex (Abyss:3)
  11 water moccasins
  Duvessa (D:6)
  5 porcupines
  A hornet zombie (D:13)
  2 ice beasts
  4 sky beasts
  3 black bears
  30 orc warriors
  A necrophage (D:9)
  4 phantoms
  11 wolves
  18 ogres
  4 boggarts (Lair:4)
  26 centaurs
  8 crocodiles
  A big kobold (D:13)
  25 bullfrogs
  A gnoll sergeant (D:5)
  2 wyvern skeletons
  4 earth elementals
  5 scorpions
  4 small abominations
  Dowan (D:6)
  11 killer bees
  4 wights (D:13)
  3 electric eels
  3 vampire bats (D:15)
  6 howler monkeys
  8 crimson imps
  3 bullfrog zombies
  2 centaur zombies
  4 hounds
  16 orc priests
  3 bullfrog skeletons
  7 jellies
  34 orc wizards
  Ijyb (D:5)
  2 iguanas
  A human skeleton (D:2)
  12 worker ants
  A killer bee zombie (D:10)
  A hound zombie (D:5)
  2 hound skeletons
  A worker ant zombie (D:10)
  16 adders
  15 gnolls
  4 shadow imps
  A white imp (Abyss:3)
  2 ufetubi (Abyss:3)
  2 oozes (Lair:5)
  An adder zombie (D:5)
  An adder skeleton (D:9)
  11 worms
  3 dart slugs
  7 leopard geckos
  99 orcs
  4 ball pythons
  17 giant cockroaches
  7 goblins
  5 hobgoblins
  16 jackals
  7 quokkas
  A ball python skeleton (D:6)
  14 bats
  10 frilled lizards
  12 kobolds
  A kobold skeleton (D:2)
  A kobold zombie (D:2)
  A leopard gecko skeleton (D:5)
  A quokka skeleton (D:5)
  7 rats
  4 crawling corpses (Elf:3)
  A lurking horror (Abyss:3)
  2 plants (Shoals:3)
  2 starspawn tentacles (Abyss:3)
  4 tentacles (Shoals:4)
1469 creatures vanquished.

Vanquished Creatures (collateral kills)
  5 jumping spiders (Lair:2)
  2 redbacks (Lair:2)
  A bullfrog (Lair:2)
8 creatures vanquished.

Vanquished Creatures (others)
  The ghost of MTVSty1e the Fighter, a novice DrFE of Cheibriados (D:7)
  A harpy (Shoals:1)
  A raiju (Abyss:3)
  2 redbacks (Spider:2)
  5 humans (Spider:3)
  A steam dragon (Volcano)
  A worm (D:15)
  An orc (Orc:2)
  19 fungi
  92 plants
  5 starspawn tentacles (Abyss:3)
  40 tentacles (Shoals:4)
169 creatures vanquished.

Grand Total: 1646 creatures vanquished

Notes
Turn   | Place    | Note
-------+----------+-------------------------------------------
     0 | D:1      | poirepourri the Gargoyle Fighter began the quest for the Orb.
     0 | D:1      | Reached XP level 1. HP: 14/14 MP: 1/1
    55 | D:1      | Reached skill level 3 in Maces & Flails
    55 | D:1      | Reached XP level 2. HP: 15/19 MP: 2/2
   124 | D:1      | Reached XP level 3. HP: 12/23 MP: 3/3
   701 | D:1      | Reached skill level 4 in Maces & Flails
   824 | D:2      | Reached XP level 4. HP: 26/28 MP: 4/4
  1135 | D:2      | Reached skill level 5 in Maces & Flails
  1207 | D:2      | Found a runed door.
  1207 | D:2      | Noticed a human
  1210 | D:2      | Found a basalt altar of Yredelemnul.
  1214 | D:2      | Reached XP level 5. HP: 32/32 MP: 5/5
  2072 | D:3      | Found a hide-covered altar of Uskayaw.
  2243 | D:3      | Reached skill level 6 in Maces & Flails
  2336 | D:3      | Reached XP level 6. HP: 37/37 MP: 6/6
  2373 | D:3      | Found a faded altar of an unknown god.
  2822 | D:4      | Noticed Sigmund
  2827 | D:4      | Reached skill level 7 in Maces & Flails
  2860 | D:4      | Killed Sigmund
  2860 | D:4      | Reached XP level 7. HP: 8/41 MP: 7/7
  3149 | D:4      | Reached skill level 8 in Maces & Flails
  3303 | D:4      | Found a bloodstained altar of Trog.
  3441 | D:4      | Reached skill level 9 in Maces & Flails
  3441 | D:4      | Reached XP level 8. HP: 44/46 MP: 8/8
  4054 | D:5      | Entered Level 5 of the Dungeon
  4054 | D:5      | Noticed Edmund
  4160 | D:5      | Noticed Eustachio
  4189 | D:4      | Killed Eustachio
  4321 | D:5      | Reached skill level 5 in Fighting
  4507 | D:5      | Noticed Ijyb
  4528 | D:5      | Killed Ijyb
  4628 | D:5      | Reached XP level 9. HP: 34/58 MP: 9/9
  5013 | D:5      | Killed Edmund
  5519 | D:2      | Reached skill level 5 in Shields
  5707 | D:6      | Found Quddamif's Gadget Shop.
  6029 | D:6      | Found a runed door.
  6131 | D:6      | Noticed adept's ghost (novice GrFi)
  6158 | D:6      | Killed adept's ghost
  6158 | D:6      | Reached XP level 10. HP: 42/66 MP: 10/10
  6512 | D:6      | Noticed Dowan
  6546 | D:6      | Killed Dowan
  6546 | D:6      | Noticed Duvessa
  6556 | D:6      | Killed Duvessa
  6812 | D:7      | Found a runed door.
  6818 | D:7      | Found a shimmering altar of Xom.
  6818 | D:7      | Noticed a rapier of chaos
  6818 | D:7      | Noticed MTVSty1e's ghost (novice DrFE)
  7203 | D:7      | Found a staircase to the Ecumenical Temple.
  7298 | Temple   | Entered the Ecumenical Temple
  7564 | Temple   | Became a worshipper of Cheibriados the Contemplative
  7643 | D:8      | Reached skill level 10 in Shields
  8482 | D:9      | Reached * piety under Cheibriados
  9097 | D:10     | Entered Level 10 of the Dungeon
  9194 | D:10     | Reached ** piety under Cheibriados
  9251 | D:10     | Reached XP level 11. HP: 71/71 MP: 11/11
  9558 | D:10     | Found a staircase to the Orcish Mines.
  9691 | D:10     | Reached *** piety under Cheibriados
  9981 | D:10     | Found a runed gate.
  9981 | D:10     | Found a runed gate.
  9981 | D:10     | Found a runed gate.
  9981 | D:10     | Noticed a 12-headed hydra
  9981 | D:10     | Noticed Fingolfin's ghost (journeyman TrFi)
  9981 | D:10     | Noticed an 11-headed hydra
 10181 | D:7      | Paralysed by a rapier of chaos for 4 turns
 10191 | D:7      | Killed a rapier of chaos
 10198 | D:7      | Killed MTVSty1e's ghost
 10566 | D:11     | Noticed Maurice
 10580 | D:11     | Killed Maurice
 10594 | D:11     | Noticed Sonja
 10636 | D:11     | Killed Sonja
 10769 | D:11     | Killed an unseen horror
 10841 | D:11     | Noticed a death knight
 10912 | D:11     | Killed a death knight
 10912 | D:11     | Reached skill level 15 in Shields
 11872 | D:11     | Reached **** piety under Cheibriados
 11872 | D:11     | Reached XP level 12. HP: 76/76 MP: 12/12
 11943 | D:11     | Reached skill level 5 in Armour
 12266 | D:11     | Reached skill level 1 in Dodging
 12324 | D:11     | Found a staircase to the Lair.
 13215 | Lair:1   | Entered Level 1 of the Lair of Beasts
 13880 | Lair:2   | Found a staircase to the Shoals.
 13977 | Lair:2   | Found a hole to the Spider Nest.
 13983 | Lair:2   | Reached ***** piety under Cheibriados
 13985 | Lair:2   | Reached skill level 5 in Dodging
 13996 | Lair:2   | Noticed a death yak
 14003 | Lair:2   | Killed a death yak
 14208 | Lair:2   | Found a dark tunnel.
 14263 | Volcano  | Entered a volcano
 14299 | Volcano  | Noticed a two-headed ogre
 14332 | Volcano  | Killed a two-headed ogre
 14342 | Volcano  | Reached XP level 13. HP: 79/80 MP: 13/13
 14847 | Volcano  | Reached skill level 10 in Maces & Flails
 14860 | Volcano  | Noticed a fire dragon
 14876 | Volcano  | Killed a fire dragon
 15688 | Lair:3   | Reached skill level 11 in Maces & Flails
 15991 | Lair:3   | Reached skill level 12 in Maces & Flails
 16295 | Lair:4   | Reached ****** piety under Cheibriados
 16980 | Lair:5   | Gained mutation: Your large and strong wings let you fly indefinitely. [Gargoyle growth]
 16980 | Lair:5   | Reached XP level 14. HP: 74/86 MP: 11/14
 17073 | Lair:5   | Reached skill level 13 in Maces & Flails
 17113 | Lair:5   | Found a staircase to the Slime Pits.
 17796 | Lair:6   | Entered Level 6 of the Lair of Beasts
 18008 | Lair:6   | Found a frozen archway.
 18029 | IceCv    | Entered an ice cave
 18064 | IceCv    | Reached skill level 14 in Maces & Flails
 18932 | Lair:6   | Reached skill level 15 in Maces & Flails
 18957 | Lair:6   | Found a stormy altar of Qazlal.
 19991 | Orc:1    | Entered Level 1 of the Orcish Mines
 20195 | Orc:1    | Found a roughly hewn altar of Beogh.
 20361 | Orc:2    | Entered Level 2 of the Orcish Mines
 20797 | Orc:2    | Noticed Erolcha
 20798 | Orc:2    | Reached skill level 10 in Fighting
 20811 | Orc:2    | Noticed Saint Roka
 20986 | Orc:2    | Gained mutation: You are dopey. (Int -2) [a neqoxec]
 21138 | Orc:2    | Found a staircase to the Elven Halls.
 21309 | Orc:2    | Killed Erolcha
 21309 | Orc:2    | Reached XP level 15. HP: 83/93 MP: 13/15
 21361 | Orc:2    | Killed Saint Roka
 21517 | Orc:2    | Found a roughly hewn altar of Beogh.
 21522 | Orc:2    | Paralysed by an orc sorcerer for 7 turns
 21791 | Orc:2    | Found Rumnykust's General Store.
 21793 | Orc:2    | Found Beani's Jewellery Emporium.
 21802 | Orc:2    | Bought the ring of Lucidity {MR+ Str+3 Slay+3 Stlth-} for 792 gold pieces
 21826 | Orc:2    | Found Hyabudd's Antique Weapon Emporium.
 21887 | Orc:2    | Bought a glowing morningstar for 231 gold pieces
 21896 | Orc:2    | Found Xadudy's Antique Armour Emporium.
 23071 | D:12     | Found a radiant altar of Vehumet.
 23806 | D:13     | Noticed Frances
 23824 | D:13     | Killed Frances
 24113 | D:13     | Found Unooluh's Antique Weapon Emporium.
 24154 | D:13     | Bought a transparent flail for 229 gold pieces
 24156 | D:13     | Identified the +3 flail of Demand {protect, rPois rF+} (You bought it in a shop on level 13 of the Dungeon)
 24568 | D:13     | Found a gate to the Vaults.
 24664 | D:14     | Identified a scroll of acquirement
 24679 | D:14     | Got a bloodstained cloak
 24690 | D:14     | Identified the +0 cloak of Noon {Stlth+} (You acquired it on level 14 of the Dungeon)
 24770 | D:14     | Found a sparkling altar of Nemelex Xobeh.
 24954 | D:14     | Noticed Louise
 24963 | D:14     | Cast into level 3 of the Abyss (Louise)
 25045 | Abyss:3  | Noticed a profane servitor
 25117 | Abyss:3  | Killed a profane servitor
 25117 | Abyss:3  | Reached skill level 15 in Fighting
 25550 | Abyss:3  | Reached XP level 16. HP: 84/86 MP: 12/12
 25554 | Abyss:3  | Noticed a lich
 25577 | Abyss:3  | Killed a lich
 25577 | Abyss:3  | Reached skill level 16 in Maces & Flails
 25592 | D:14     | Escaped the Abyss
 26970 | D:14     | Killed Louise
 27179 | D:15     | Entered Level 15 of the Dungeon
 27321 | D:15     | Reached skill level 17 in Maces & Flails
 27358 | D:15     | Found a shattered altar of Ashenzari.
 27414 | D:15     | Reached skill level 1 in Invocations
 27854 | D:15     | Found a staircase to the Depths.
 27887 | D:15     | Reached skill level 5 in Invocations
 28417 | D:13     | Bought a hand crossbow for 94 gold pieces
 28562 | Spider:1 | Entered Level 1 of the Spider Nest
 29528 | Spider:1 | Noticed Nikola
 29560 | Spider:1 | Killed Nikola
 29560 | Spider:1 | Reached XP level 17. HP: 67/113 MP: 13/24
 29802 | Spider:1 | Reached skill level 10 in Invocations
 30544 | Spider:2 | Noticed Roxanne
 30580 | Spider:2 | Killed Roxanne
 30924 | Spider:2 | Reached skill level 1 in Evocations
 30925 | Spider:2 | Noticed Arachne
 30948 | Spider:2 | Killed Arachne
 30965 | Spider:2 | Learned a level 2 spell: Passwall
 30969 | Spider:2 | Learned a level 3 spell: Confuse
 31622 | Spider:3 | Noticed Kirke
 31632 | Spider:3 | Killed Kirke
 31632 | Spider:3 | Reached skill level 5 in Evocations
 33041 | Spider:4 | Entered Level 4 of the Spider Nest
 33214 | Spider:4 | Reached XP level 18. HP: 116/119 MP: 27/27
 33991 | Spider:4 | Reached skill level 10 in Evocations
 34444 | Spider:4 | Got a gossamer rune of Zot
 35164 | Shoals:1 | Entered Level 1 of the Shoals
 35457 | Shoals:1 | Reached skill level 1 in Crossbows
 36195 | Shoals:2 | Reached skill level 5 in Crossbows
 36584 | Shoals:2 | Reached XP level 19. HP: 124/124 MP: 28/28
 36700 | Shoals:3 | Noticed Polyphemus
 36938 | Shoals:3 | Killed Polyphemus
 37282 | Shoals:3 | Identified the Volume of Flamy Self-Knowledge
 37378 | Shoals:4 | Entered Level 4 of the Shoals
 37725 | Shoals:4 | Reached skill level 10 in Crossbows
 37998 | Shoals:4 | Got a barnacled rune of Zot
 39431 | Elf:1    | Entered Level 1 of the Elven Halls
 39846 | Elf:1    | Reached skill level 18 in Maces & Flails
 40599 | Elf:2    | Learned a level 2 spell: Song of Slaying
 40865 | Elf:2    | Reached XP level 20. HP: 125/129 MP: 29/29
 40976 | Elf:2    | Found a runed gate.
 40976 | Elf:2    | Found a runed gate.
 40977 | Elf:2    | Found a runed gate.
 41090 | Elf:2    | Reached skill level 19 in Maces & Flails
 41607 | Elf:3    | Entered Level 3 of the Elven Halls
 41704 | Elf:3    | Got a transparent copper amulet
 41936 | Elf:3    | Noticed a Tzitzimitl
 41942 | Elf:3    | Cast into level 3 of the Abyss (a deep elf demonologist)
 42517 | Abyss:3  | Got a faintly glowing scale mail
 42527 | Elf:3    | Escaped the Abyss
 42713 | Elf:3    | Identified the amulet "Cinod" {Harm *Drain Dex+2} (You took it off a deep elf sorcerer on level 3 of the Elven Halls)
 42714 | Elf:3    | Identified the +6 scale mail "Hunnie Hiol" {rF+ rCorr Slay+2} (You found it on level 3 of the Abyss)
 42835 | Elf:3    | Got a pitted morningstar {drain}
 42840 | Elf:3    | Reached XP level 21. HP: 113/140 MP: 11/30
 42876 | Elf:3    | Identified the +10 morningstar "Guchafop" {drain, *Slow rElec Int+3} (You took it off a deep elf demonologist on level 3 of the Elven Halls)
 42971 | Elf:3    | Killed from afar by a deep elf annihilator

Skill      XL: |  1  2  3  4  5  6  7  8  9 10 11 12 13 14 15 16 17 18 19 20 21 |
---------------+----------------------------------------------------------------+-----
Maces & Flails | 3 4 5 6 7 9 12 15 17 18 19 | 19.4
Fighting       | 7 9 10 15 17 18 | 18.4
Shields        | 8 12 15 | 15.4
Armour         | 7 |  7.0
Dodging        | 7 8 |  8.4
Invocations    | 9 12 | 12.1
Evocations     | 8 12 | 12.1
Crossbows      | 6 10 | 10.4

Action                   |  1- 3 |  4- 6 |  7- 9 | 10-12 | 13-15 | 16-18 | 19-21 || total
-------------------------+-------+-------+-------+-------+-------+-------+-------++-------
Melee: Flail             |   135 |   297 |   449 |   876 |  1818 |  2023 |  1119 ||  6717
       Unarmed           |       |    13 |       |       |       |     4 |       ||    17
       Morningstar       |       |       |       |       |    11 |       |     9 ||    20
 Fire: Hand crossbow     |       |       |       |       |       |   164 |   247 ||   411
Throw: Javelin           |       |     2 |       |       |       |     2 |    11 ||    15
Invok: Slouch            |       |       |       |     1 |     3 |     7 |    13 ||    24
       Bend Time         |       |       |       |       |       |     1 |       ||     1
 Abil: Fly               |       |       |       |       |       |     2 |       ||     2
       Stop Flying       |       |       |       |       |       |     2 |       ||     2
Evoke: Wand              |       |       |     2 |     8 |    21 |    21 |    31 ||    83
  Use: Scroll            |     2 |     9 |     6 |    19 |    14 |     9 |    22 ||    81
       Potion            |       |     2 |     3 |     8 |    16 |     8 |     9 ||    46
 Stab: Invisible         |       |       |     1 |     6 |       |     6 |     3 ||    16
       Paralysed         |       |       |       |     5 |       |       |     1 ||     6
       Distracted        |       |       |       |     1 |     4 |       |       ||     5
       Sleeping          |       |       |       |       |     1 |       |       ||     1
       Fleeing           |       |       |       |       |       |       |     1 ||     1
  Eat: Ration            |       |     2 |     3 |     6 |     6 |     7 |     4 ||    28
       Chunk             |       |     2 |     2 |     1 |       |       |       ||     5
Armor: Scale mail        |   120 |   218 |   158 |       |       |       |    45 ||   541
       Ring mail         |       |       |    68 |   355 |   261 |       |       ||   684
       Skin              |       |       |       |     5 |    76 |     9 |       ||    90
       Chain mail        |       |       |       |       |   297 |  1057 |   418 ||  1772
Dodge: Dodged            |    60 |    94 |   155 |   281 |   884 |  1355 |   589 ||  3418
Block: Shield            |   125 |   147 |   202 |   775 |  1849 |  2397 |  1412 ||  6907
